 Dungeon Crawl Stone Soup version 0.24-a0-201-gf205589 (webtiles) character file.

Game seed: 2552559736497979838

155 mhoghedin the Bolt Thrower (level 5, -21/32 HPs)
             Began as a Kobold Hunter on Mar 25, 2019.
             Was a Follower of Trog.
             Demolished by a two-headed ogre
             ... wielding a +0 giant club
              (27 damage)
             ... on level 4 of the Dungeon.
             The game lasted 00:03:16 (2440 turns).

mhoghedin the Bolt Thrower (Kobold Hunter)          Turns: 2440, Time: 00:03:16

Health: -21/32     AC:  3    Str: 10    XL:     5   Next: 63%
Magic:  5/5        EV: 16    Int: 12    God:    Trog [*.....]
Gold:   107        SH:  0    Dex: 16    Spells: 4/4 levels left

rFire    . . .     SeeInvis .   b - +1 dagger (venom)
rCold    . . .     Gourm    .   (shield restricted)
rNeg     . . .     Faith    .   c - +0 leather armour
rPois    .         Spirit   .   (no helmet)
rElec    .         Reflect  .   (no cloak)
rCorr    .         Harm     .   (no gloves)
MR       .....                  (no boots)
Stlth    ++........             (no amulet)
HPRegen  0.10/turn              (no ring)
MPRegen  0.09/turn              (no ring)

@: no status effects
A: small, carnivore
a: Berserk, Renounce Religion


You were on level 4 of the Dungeon.
You worshipped Trog.
Trog was aware of your devotion.
You were not hungry.

You visited 1 branch of the dungeon, and saw 4 of its levels.

You collected 107 gold pieces.

Inventory:

Hand Weapons
 a - a +1 hand crossbow
 b - a +1 dagger of venom (weapon)
   (You took it off a goblin on level 2 of the Dungeon)
Missiles
 d - 30 bolts
Armour
 c - a +0 leather armour (worn)
 j - a +0 helmet
   (You found it on level 2 of the Dungeon)
 r - a +0 cloak
   (You took it off Crazy Yiuf on level 3 of the Dungeon)
Jewellery
 g - an uncursed amulet of regeneration {unknown}
   (You found it on level 1 of the Dungeon)
 i - an uncursed ring of wizardry {unknown}
   (You found it on level 1 of the Dungeon)
 l - a +3 ring of strength {unknown}
   (You found it on level 2 of the Dungeon)
Wands
 q - a wand of disintegration (15)
   (You took it off Ijyb on level 3 of the Dungeon)
Scrolls
 e - 5 scrolls of identify {unknown}
 h - 2 scrolls of enchant weapon {unknown}
 m - a scroll of blinking {unknown}
 n - a scroll of remove curse {unknown}
Potions
 k - 2 potions of haste {unknown}
 o - a potion of brilliance {unknown}
 p - a potion of degeneration {unknown}
Comestibles
 f - 6 rations


   Skills:
 + Level 3.5 Fighting
 + Level 1.6 Short Blades
 + Level 5.8 Crossbows
 + Level 3.9 Dodging
 + Level 2.4 Stealth


You had 4 spell levels left.
You didn't know any spells.
Your spell library was empty.

Dungeon Overview and Level Annotations

Branches:
Dungeon (4/15)
 Temple: D:4-7

Altars:
Ashenzari
Trog


Innate Abilities, Weirdness & Mutations

You are small and have problems with some larger weapons.
You are carnivorous and can eat meat at any time.


Message History

As you open the door, it creaks loudly!
A red film seems to cover your vision as you go berserk!
You feel yourself moving faster!
You feel mighty!
You feel a lot more hungry.
Crazy Yiuf whimpers, "Gnoll disdain horse!"
Crazy Yiuf barely misses you.
You now have 48/48 hp.
You barely miss Crazy Yiuf. You puncture Crazy Yiuf!
Crazy Yiuf is poisoned.
Crazy Yiuf hits you with a +2 quarterstaff of chaos.
You are poisoned.
You take 6 damage, and have 42/48 hp.
Unknown command.
You hit Crazy Yiuf.
Crazy Yiuf looks as sick as possible!
You feel sick. Crazy Yiuf barely misses you.
You take 1 damage, and have 41/48 hp.
You barely miss Crazy Yiuf.
You feel sick.
You take 1 damage, and have 40/48 hp.
You hit Crazy Yiuf.
Crazy Yiuf looks as sick as possible!
You feel sick.
You kill Crazy Yiuf!
Trog accepts your kill.
You take 1 damage, and have 39/48 hp.
r - a +0 cloak
There is an open translucent door, spattered with blood here.
Things that are here:
a +2 quarterstaff of chaos; the gnoll corpse of Crazy Yiuf You feel sick.
You take 1 damage, and have 38/48 hp.
You butcher the gnoll corpse of Crazy Yiuf.
You feel a strong urge to attack something.
You feel sick.
s - 2 chunks of flesh {@w0}
There is an open translucent door, spattered with blood here.
Things that are here:
a +2 quarterstaff of chaos; the gnoll skeleton of Crazy Yiuf You take 1 damage, and have 37/48 hp.
You are no longer berserk.
You are exhausted.
You feel yourself slow down.
You feel sick.
You now have 24/32 hp.
You start resting.
Eating one of 2 chunks of flesh {@w0}.
You eat one of the 2 chunks of flesh {@w0}.
This raw flesh tastes great.
You feel sick.
Eating a chunk of flesh {@w0}.
You eat the chunk of flesh {@w0}.
This raw flesh tastes great.
You feel sick. x10
You feel yourself speed up.
You feel sick.
You are no longer poisoned.
You take 9 damage, and have 15/32 hp.
MASSIVE DAMAGE!!
Unknown command.
You start resting.
You recover from your berserk rage.
Unknown command.
You start resting.
Health restored: 32 Done exploring.
Done exploring.
Done exploring.
(D) Dungeon
Where to? (Enter - D:3, ? - help)
There is an open translucent door, spattered with blood here.
Things that are here:
a +2 quarterstaff of chaos; the gnoll skeleton of Crazy Yiuf
There is a stone staircase leading down here.
You climb downwards.
You hear the hiss of flowing sand.
There is an entrance to an ossuary on this level.
Hurry and find it before the portal is buried!
There is a stone staircase leading up here.
Unknown command.
A two-headed ogre comes into view. It is wielding two +0 giant clubs.
The two-headed ogre shouts in stereo!
A two-headed ogre is nearby!
Your +1 dagger of venom stops dripping with poison.
a - a +1 hand crossbow (weapon)
Firing (i - inventory)
d - 32 bolts (quivered)
Aim: a two-headed ogre, wielding two +0 giant clubs You shoot a bolt.
The bolt closely misses the two-headed ogre.
Firing (i - inventory)
d - 31 bolts (quivered)
Aim: a two-headed ogre, wielding two +0 giant clubs You shoot a bolt.
The bolt hits the two-headed ogre!
Your +1 dagger of venom begins to drip with poison!
b - a +1 dagger of venom (weapon)
The two-headed ogre hits you with a +0 giant club!!
Ouch! That really hurt!
* * * LOW HITPOINT WARNING * * *
The two-headed ogre misses you.
You take 27 damage, and have 5/32 hp.
MASSIVE DAMAGE!!
Unknown command.
Okay, then.
Unknown command.
Okay, then.
Unknown command.
Unknown command.
There is a stone staircase leading up here.
The two-headed ogre hits you with a +0 giant club!!
Ouch! That really hurt!
You die...

^..(# ..#.#
#.#.# #.#(# #
#.#.#
..##.##.#.#
..........#
....##.########
# #......O@#
##########


You could see a two-headed ogre.

Vanquished Creatures
  Crazy Yiuf (D:3)
  Ijyb (D:3)
  5 adders
  An ooze (D:3)
  2 worms (D:2)
  A leopard gecko (D:3)
  An orc (D:2)
  2 ball pythons
  A giant cockroach (D:1)
  4 hobgoblins
  2 jackals (D:3)
  2 quokkas (D:3)
  4 bats
  2 frilled lizards
  7 goblins
  A jackal skeleton (D:2)
  3 kobolds (D:1)
  8 rats
48 creatures vanquished.

Notes
Turn   | Place    | Note
-------+----------+-------------------------------------------
     0 | D:1      | mhoghedin the Kobold Hunter began the quest for the Orb.
     0 | D:1      | Reached XP level 1. HP: 12/12 MP: 1/1
   224 | D:1      | Reached skill level 5 in Crossbows
   224 | D:1      | Reached XP level 2. HP: 18/18 MP: 2/2
   619 | D:2      | Found a bloodstained altar of Trog.
   633 | D:2      | Became a worshipper of Trog the Wrathful
   678 | D:2      | Reached skill level 3 in Dodging
   683 | D:2      | Reached XP level 3. HP: 20/22 MP: 3/3
   817 | D:2      | Reached skill level 3 in Fighting
   939 | D:2      | Found a shattered altar of Ashenzari.
  1187 | D:2      | Reached XP level 4. HP: 28/28 MP: 4/4
  1780 | D:3      | Reached * piety under Trog
  2005 | D:3      | Noticed Ijyb
  2027 | D:3      | Killed Ijyb
  2027 | D:3      | Reached skill level 1 in Short Blades
  2027 | D:3      | Reached skill level 2 in Stealth
  2027 | D:3      | Reached XP level 5. HP: 32/32 MP: 5/5
  2187 | D:3      | Found a runed translucent door.
  2188 | D:3      | Noticed Crazy Yiuf
  2197 | D:3      | Killed Crazy Yiuf
  2425 | D:4      | Noticed a two-headed ogre
  2430 | D:4      | HP: 5/32 [two-headed ogre/+0 giant club (27)]
  2440 | D:4      | Demolished by a two-headed ogre

Levels and vault maps discovered:
D:1:      scummos_arrival_forest, layout_loops_cross
D:2:      layout_basic, bloody_trog, lemuel_round_altar, first_ration
D:3:      layout_basic, uniq_crazy_yiuf_cottage, uniq_ijyb
D:4:      layout_basic, minmay_temple_entry_large_hall, enter_ossuary_2,
          okawaru_gym_becter

Skill      XL: |  1  2  3  4 |
---------------+-------------+-----
Crossbows      | 5 |  5.8
Dodging        | 3 |  3.9
Fighting       | 3 |  3.5
Short Blades   | 1 |  1.6
Stealth        | 2 |  2.4

Action                   |  1- 3 |  4- 6 || total
-------------------------+-------+-------++-------
Melee: Dagger            |       |    62 ||    62
 Fire: Hand crossbow     |    54 |    10 ||    64
Invok: Berserk           |       |     2 ||     2
 Stab: Sleeping          |       |     1 ||     1
  Eat: Chunk             |       |     8 ||     8
Armor: Leather armour    |       |     7 ||     7
Dodge: Dodged            |    10 |    67 ||    77

Table legend:
 A = Non-vault XP
 B = Vault XP
 C = Vault XP percentage of total XP
 D = Non-vault monster count
 E = Vault monster count
 F = Vault count percentage of total count
                 A         B        C        D         E       F
            +---------+---------+-------+---------+---------+-------
      Total |     142 |      80 |  36.0 |      46 |       2 |   4.2
            +---------+---------+-------+---------+---------+-------
        D:1 |      14 |       0 |   0.0 |      11 |       0 |   0.0
        D:2 |      60 |       0 |   0.0 |      19 |       0 |   0.0
        D:3 |      68 |      80 |  54.1 |      16 |       2 |  11.1
            +---------+---------+-------+---------+---------+-------

Levels and vault maps discovered:
D:1:      scummos_arrival_forest, layout_loops_cross
D:2:      layout_basic, bloody_trog, lemuel_round_altar, first_ration
D:3:      layout_basic, uniq_crazy_yiuf_cottage, uniq_ijyb
D:4:      layout_basic, minmay_temple_entry_large_hall, enter_ossuary_2,
          okawaru_gym_becter

Table legend:
 A = Turns spent in this place as a percentage of turns spent in the entire game.
 B = Non-inter-level travel turns spent in this place as a percentage of non-inter-level travel turns spent in the entire game.
 C = Inter-level travel turns spent in this place as a percentage of turns spent in this place.
 D = Turns resting spent in this place as a percentage of non-inter-level travel turns spent in this place.
 E = Turns spent auto-exploring this place as a percentage of non-inter-level travel turns spent in this place.
 F = Non-inter-level travel turns spent in this place divided by the number of levels of this place that you've seen.
                   A       B       C       D       E      F
               +-------+-------+-------+-------+-------+----------------------
         Total | 100.0 | 100.0 |   7.2 |   9.2 |  77.7 | 566.0
       Dungeon | 100.0 | 100.0 |   7.2 |   9.2 |  77.7 | 566.0
               +-------+-------+-------+-------+-------+----------------------

Table legend:
 A = Kills in this place as a percentage of kills in entire the game.
 B = Kills by you in this place as a percentage of kills by you in the entire game.
 C = Kills by friends in this place as a percentage of kills by friends in the entire game.
 D = Other kills in this place as a percentage of other kills in the entire game.
 E = Experience gained in this place as a percentage of experience gained in the entire game.
 F = Experience gained in this place divided by the number of levels of this place that you have seen.
                   A       B       C       D       E      F
               +-------+-------+-------+-------+-------+----------------------
         Total | 100.0 | 100.0 |   N/A |   N/A | 100.0 |  55.5
       Dungeon | 100.0 | 100.0 |   N/A |   N/A | 100.0 |  55.5
               +-------+-------+-------+-------+-------+----------------------
